 Dungeon Crawl Stone Soup version 0.29.1-12-g30fa7ad0bf (webtiles) character file.

Game seed: 13282429623538655869

5247 MacCMillion the Grappler (level 10, -13/100 HPs)
             Began as a Troll Fighter on Jan 5, 2023.
             Was a Believer of Wu Jian.
             Mangled by Harold
             ... wielding a +0 dire flail
              (16 damage)
             ... on level 9 of the Dungeon on Jan 6, 2023.
             The game lasted 00:19:16 (8089 turns).

MacCMillion the Grappler (Troll Fighter)            Turns: 8089, Time: 00:19:16

Health: -13/100    AC: 10    Str: 28    XL:     10   Next: 36%
Magic:  9/9        EV:  8    Int:  6    God:    Wu Jian [**....]
Gold:   603        SH: 14    Dex:  9    Spells: 9/9 levels left

rFire   . . .      SeeInvis +     - Unarmed
rCold   . . .      Faith    .   b - +0 kite shield
rNeg    . . .      Spirit   .   I - +0 swamp dragon scales
rPois   +          Reflect  +   (helmet restricted)
rElec   .          Harm     .   F - +0 cloak
rCorr   .          Rampage  .   (gloves unavailable)
Will    .....                   (boots unavailable)
Stlth   ..........              f - amulet of reflection
HPRegen 1.06/turn               o - ring of see invisible
MPRegen 0.11/turn               (no ring)

@: about to teleport, marked
A: large, unfitting armour, claws 3, regeneration 1, shaggy fur 1, tough skin 1
a: Renounce Religion, Wall Jump


You were on level 9 of the Dungeon.
You worshipped Wu Jian.
Wu Jian was pleased with you.
You visited 2 branches of the dungeon, and saw 10 of its levels.

You collected 603 gold pieces.

Inventory:

Missiles
 h - 4 silver javelins
 j - 2 atropa-tipped darts
 v - 12 poisoned darts (quivered)
 H - 3 boomerangs
Armour
 a - a +0 robe
 b - a +0 kite shield (worn)
 F - a +0 cloak (worn)
 I - +0 swamp dragon scales (worn)
Jewellery
 f - an amulet of reflection (around neck)
 n - an amulet of the acrobat
 o - a ring of see invisible (left claw)
Wands
 q - a wand of polymorph (5)
 y - a wand of roots (9)
 A - a wand of mindburst (6)
 E - a wand of paralysis (9)
 K - a wand of flame (2)
Scrolls
 d - a scroll of vulnerability
 e - a scroll of enchant weapon
 g - a scroll of noise
 k - 2 scrolls of magic mapping
 p - 4 scrolls of teleportation
 s - 2 scrolls of amnesia
 t - 3 scrolls of fear
 w - 2 scrolls of silence {unknown}
 x - a scroll of acquirement {unknown}
 B - a scroll of summoning {unknown}
 D - a scroll of enchant armour {unknown}
 J - a scroll of identify
Potions
 c - 3 potions of might
 i - 4 potions of flight
 l - 2 potions of brilliance
 m - 6 potions of curing
 r - a potion of lignification
 u - 2 potions of mutation
 z - 2 potions of haste {unknown}
 C - 2 potions of attraction {unknown}
 G - a potion of degeneration {unknown}


   Skills:
 + Level 6.9 Fighting
 - Level 2.6 Dodging
 + Level 7.7 Shields
 * Level 11.0 Unarmed Combat


You had 9 spell levels left.
You didn't know any spells.
Your spell library contained the following spells:

 Spells                   Type           Power      Damage    Failure   Level
 Beastly Appendage        Tmut           0%         N/A       83%         1
 Shock                    Conj/Air       0%         1d3       83%         1
 Slow                     Hex            0%         N/A       83%         1
 Wereblood                Tmut           0%         N/A       92%         2
 Confusing Touch          Hex            0%         N/A       99%         3
 Spider Form              Tmut/Pois      0%         N/A       99%         3
 Summon Guardian Golem    Hex/Summ       0%         N/A       99%         3
 Swiftness                Air            0%         N/A       99%         3
 Vampiric Draining        Necr           0%         2d6       99%         3
 Airstrike                Air            0%         2d(0-16)  100%        4
 Orb of Destruction       Conj           0%         9d5       100%        7
 Spellforged Servitor     Conj/Summ      0%         N/A       100%        7


Dungeon Overview and Level Annotations

Branches:
Dungeon (9/15)             Temple (1/1) D:4
   Lair: D:8-11         Orc: D:9-12

Altars:
Ashenzari
Cheibriados
Dithmenos
Elyvilon
Fedhas
Gozag
Hepliaklqana
Kikubaaqudgha
Makhleb
Nemelex Xobeh
Qazlal
Ru
Sif Muna
Trog
Uskayaw
Vehumet
Wu Jian
Xom
Yredelemnul
Zin
The Shining One

Annotations:
D:6 1 exclusion
D:9 Harold


Innate Abilities, Weirdness & Mutations

You are too large for most types of armour.
You have claws for hands.
Your natural rate of healing is unusually fast.
You are covered in fur. (AC +1)
You have tough skin. (AC +1)


Message History

You are yanked forward by the harpoon shot.
Aiming: Fastroot
Press: ? - help, Shift-Dir - straight line The roots erupt in riotous growth!
Roots grab Harold.
The grasping roots constrict Harold.
An ice devil comes into view.
Harold hits you with a +0 dire flail!
* * * LOW HITPOINT WARNING * * *
The grasping roots constrict Harold, but do no damage.
The roots release their grip on Harold.
Harold points at you and mumbles some strange words.
The mark upon you grows brighter.
Harold points at you and mumbles some strange words.
The mark upon you grows brighter.
Harold throws a throwing net.
The throwing net hits you.
You become entangled in the net!
You see here a throwing net.
You tear a large gash into the net.
You struggle against the net.
As you read the scroll of teleportation, it crumbles to dust.
You feel strangely unstable.
The ice devil hits you but does no damage.
Harold completely misses you.
Unknown command.
You struggle against the net.
A freezing wraith comes into view.
The ice devil hits you.
* * * LOW HITPOINT WARNING * * *
The ice devil freezes you!
* * * LOW HITPOINT WARNING * * *
Harold hits you with a +0 dire flail.
* * * LOW HITPOINT WARNING * * *
Okay, then.
You rip the net and break free!
The ice devil hits you.
* * * LOW HITPOINT WARNING * * *
The ice devil freezes you!
* * * LOW HITPOINT WARNING * * *
Harold hits you with a +0 dire flail!
You die...

........## #...# ##.#.##.#.##
....@....# #.>.# #.#.##.#.#.
......#..#####..(######..........
......#...W................#.....
........)[...............#.#.....
...^....[..........).......#.....
.#.#.###.###.#....#####.##.##....
.#.......# #.#54@.# #.##.##.##.
.###.##### #.#..@.# #.......###
.###.# #.#..<.# ####.#### .....#
#.#....# #.# .##### #......# #.#
.# ####.######## #.# .##########
###........# #.###### ###.......#
#.....####.###....... #.#####.#
#.###.......#########
#.#####.###.# ######..#


You could see Harold, an ice devil, a freezing wraith and a white imp.

Vanquished Creatures
  Joseph (D:7)
  Maurice (D:9)
  An ice devil (D:9)
  A hornet (D:9)
  Prince Ribbit (D:5)
  2 wyverns
  A vampire (D:9)
  2 acid dragons
  A water moccasin (D:6)
  2 orc warriors
  Duvessa (D:5)
  2 sky beasts
  3 ogres
  3 centaurs
  2 kobold brigands
  2 bullfrogs
  3 scorpions
  12 wights
  Dowan (D:5)
  3 killer bees (D:9)
  8 howler monkeys
  3 hounds
  3 jellies
  A gnoll bouda (D:8)
  2 orc priests
  Ijyb (D:4)
  4 iguanas
  3 orc wizards
  10 adders
  3 gnolls (D:8)
  An ufetubus (D:6)
  2 worms
  6 dart slugs (D:1)
  26 orcs
  3 ball pythons
  5 endoplasms
  3 giant cockroaches
  11 goblins
  8 hobgoblins
  3 jackals (D:4)
  14 kobolds
  4 quokkas
  7 bats
  2 frilled lizards
  7 rats
185 creatures vanquished.

Vanquished Creatures (others)
  5 plants
5 creatures vanquished.

Grand Total: 190 creatures vanquished

Notes
Turn   | Place    | Note
-------+----------+-------------------------------------------
     0 | D:1      | MacCMillion the Troll Fighter began the quest for the Orb.
     0 | D:1      | Reached XP level 1. HP: 22/22 MP: 0/0
    71 | D:1      | Reached XP level 2. HP: 29/29 MP: 1/1
   232 | D:1      | Reached XP level 3. HP: 36/36 MP: 2/2
   239 | D:1      | Found a faded altar of an unknown god.
  1063 | D:2      | Found a blossoming altar of Fedhas.
  1301 | D:3      | Reached skill level 3 in Unarmed Combat
  1498 | D:3      | Reached XP level 4. HP: 37/44 MP: 3/3
  1794 | D:3      | Identified the +4 mace "Raisin" {venom, rF+}
  2070 | D:4      | Reached XP level 5. HP: 50/53 MP: 4/4
  2147 | D:4      | Found a hazy altar of Hepliaklqana.
  2171 | D:4      | Noticed Ijyb
  2182 | D:4      | Killed Ijyb
  2183 | D:4      | Reached skill level 4 in Unarmed Combat
  2381 | D:4      | Reached XP level 6. HP: 59/61 MP: 5/5
  2411 | D:4      | Found a shadowy altar of Dithmenos.
  2622 | D:4      | Reached skill level 5 in Unarmed Combat
  2915 | D:4      | Found a staircase to the Ecumenical Temple.
  3103 | Temple   | Entered the Ecumenical Temple
  3250 | Temple   | Became a worshipper of the Wu Jian Council
  3287 | D:5      | Entered Level 5 of the Dungeon
  3309 | D:4      | Reached XP level 7. HP: 53/68 MP: 6/6
  3428 | D:5      | Noticed Dowan
  3429 | D:5      | Noticed Duvessa
  3558 | D:5      | Killed Duvessa
  3570 | D:5      | Killed Dowan
  3571 | D:5      | Reached skill level 6 in Unarmed Combat
  3650 | D:5      | Reached skill level 5 in Shields
  3709 | D:5      | Noticed Prince Ribbit
  3726 | D:5      | Killed Prince Ribbit
  3727 | D:5      | Reached XP level 8. HP: 73/79 MP: 7/7
  3854 | D:4      | Reached skill level 7 in Unarmed Combat
  4642 | D:6      | Reached * piety under Wu Jian
  4643 | D:6      | Reached skill level 5 in Fighting
  4732 | D:5      | Reached skill level 8 in Unarmed Combat
  5108 | D:6      | Found a glowing golden altar of the Shining One.
  5108 | D:6      | Found a sparkling altar of Nemelex Xobeh.
  5447 | D:6      | Found a shimmering blue altar of Sif Muna.
  5570 | D:7      | Noticed Joseph
  5575 | D:7      | Reached XP level 9. HP: 80/88 MP: 8/8
  5738 | D:7      | Killed Joseph
  5739 | D:7      | Reached skill level 9 in Unarmed Combat
  5925 | D:7      | Found a white marble altar of Elyvilon.
  5977 | D:7      | Found an ancient bone altar of Kikubaaqudgha.
  6488 | D:8      | Reached ** piety under Wu Jian
  6689 | D:8      | Found a basalt altar of Yredelemnul.
  7127 | D:8      | Reached skill level 10 in Unarmed Combat
  7497 | D:9      | Noticed Maurice
  7503 | D:9      | Killed Maurice
  7504 | D:9      | Reached XP level 10. HP: 97/100 MP: 9/9
  8037 | D:9      | Noticed Harold
  8060 | D:9      | Reached skill level 11 in Unarmed Combat
  8089 | D:9      | HP: 3/100 [ice devil (10)]
  8089 | D:9      | Mangled by Harold

Illustrated notes

Levels and vault maps discovered:
D:1:      minmay_arrival_semitransparent, layout_basic,
          chequers_ecumenical_altar_simple_redux
D:2:      layout_basic, basic_altar, hangedman_abyss_or_decor_stabs
D:3:      layout_basic
D:4:      layout_basic, mainiacjoe_overflow_alcove_1,
          nicolae_overflow_hidden_temple, temple_hall, minmay_cut_off, uniq_ijyb
D:5:      corexii_shack_village, layout_rooms, dk_noncrumbling_3,
          nicolae_fountain_basement, uniq_duvessa, uniq_prince_ribbit1
D:6:      layout_rooms, nicolae_overflow_two_pavilions, tgw_sif
D:7:      layout_loops_ring, general_overflow_altar,
          nicolae_elyvilon_temple_path, uniq_joseph
D:8:      layout_basic, lemuel_crystal_altar
D:9:      layout_loops_cross, hellmonk_guarded_unrand_frostbite, uniq_harold,
          uniq_maurice
Temple:   dshaligram_water_room_temple

Skill      XL: |  1  2  3  4  5  6  7  8  9 10 |
---------------+-------------------------------+-----
Shields        | 3 4 5 6 7 |  7.7
Unarmed Combat | 3 4 5 6 8 10 11 | 11.0
Fighting       | 3 4 5 6 |  6.9
Dodging        | |  2.6

Action                   |  1- 3 |  4- 6 |  7- 9 | 10-12 || total
-------------------------+-------+-------+-------+-------++-------
Melee: Unarmed           |   100 |   148 |   265 |    76 ||   589
Throw: Javelin           |       |     2 |       |       ||     2
       Dart              |       |       |       |     2 ||     2
Invok: Lunge             |       |       |    15 |     7 ||    22
       Whirlwind         |       |       |     3 |    14 ||    17
 Abil: Wall Jump         |       |       |       |     2 ||     2
Evoke: Wand              |       |       |       |     1 ||     1
  Use: Scroll            |       |       |    11 |     1 ||    12
       Potion            |       |       |     1 |     1 ||     2
 Stab: Sleeping          |     2 |       |       |       ||     2
Armor: Robe              |    23 |    27 |    28 |       ||    78
       Swamp dragon scal |       |       |       |    18 ||    18
Dodge: Dodged            |    18 |    30 |    58 |    19 ||   125
Block: Kite shield       |    53 |    92 |   137 |    49 ||   331
       Reflection        |     1 |     2 |     6 |     4 ||    13
